 Dungeon Crawl Stone Soup version 0.28.0-43-g3370ac3207 (webtiles) character file.

Game seed: 12217510856263671217

5765 Peloso the Carver (level 10, -1/84 (90) HPs)
             Began as a Minotaur Fighter on Mar 17, 2022.
             Was an Elder of Okawaru.
             Slain by a troll (6 damage)
             ... on level 9 of the Dungeon.
             The game lasted 00:15:24 (11273 turns).

Peloso the Carver (Minotaur Fighter)               Turns: 11273, Time: 00:15:24

HP:   -1/84 (90)    AC: 14    Str: 24    XL:     10   Next: 49%
MP:   8/9           EV:  9    Int:  5    God:    Okawaru [****..]
Gold: 431           SH:  5    Dex: 11    Spells: 9/9 levels left

rFire   . . .      SeeInvis .   a - +3 long sword
rCold   . . .      Faith    .   c - +0 buckler
rNeg    . . .      Spirit   .   t - +0 chain mail
rPois   .          Reflect  .   (helmet restricted)
rElec   .          Harm     .   (no cloak)
rCorr   .          Rampage  .   m - +0 pair of gloves
Will    .....                   n - +0 pair of boots
Stlth   ..........              (no amulet)
HPRegen 0.24/turn               (no ring)
MPRegen 0.11/turn               (no ring)

@: slowed, drained, very slow
A: horns 2, retaliatory headbutt
a: Renounce Religion, Heroism, Finesse


You were on level 9 of the Dungeon.
You worshipped Okawaru.
Okawaru was greatly pleased with you.
You visited 2 branches of the dungeon, and saw 10 of its levels.

You collected 431 gold pieces.

Inventory:

Hand Weapons
 a - a +3 long sword (weapon)
 b - a +2 short sword of flaming
Armour
 c - a +0 buckler (worn)
 m - a +0 pair of gloves (worn)
 n - a +0 pair of boots (worn)
 t - a +0 chain mail (worn)
Jewellery
 s - an amulet of guardian spirit
 H - a ring of fire
 J - an amulet of the acrobat
Wands
 j - a wand of digging (2)
 v - a wand of iceblast (8)
 C - a wand of flame (25)
 D - a wand of paralysis (3)
 G - a wand of acid (8)
 I - a wand of mindburst (13)
 L - a wand of polymorph (10)
Scrolls
 e - 2 scrolls of magic mapping
 i - 2 scrolls of amnesia {unknown}
 l - 6 scrolls of identify {unknown}
 o - a scroll of immolation {unknown}
 q - a scroll of summoning {unknown}
 r - 2 scrolls of enchant weapon {unknown}
 u - 2 scrolls of brand weapon {unknown}
 w - 3 scrolls of fog {unknown}
 x - a scroll of enchant armour {unknown}
 y - a scroll of noise {unknown}
 A - 4 scrolls of blinking {unknown}
 F - a scroll of holy word {unknown}
Potions
 d - a potion of might
 f - 2 potions of cancellation {unknown}
 h - 2 potions of heal wounds {unknown}
 k - 2 potions of attraction {unknown}
 z - 4 potions of haste {unknown}
 B - a potion of brilliance {unknown}
 E - 2 potions of berserk rage {unknown}
 K - a potion of resistance {unknown}


   Skills:
 + Level 8.7 Fighting
 + Level 11.9 Long Blades
 + Level 10.3 Armour
 + Level 3.8 Dodging
 + Level 2.8 Stealth
 + Level 6.4 Shields
 + Level 0.4 Invocations
 + Level 0.3 Evocations


You had 9 spell levels left.
You didn't know any spells.
Your spell library contained the following spells:

 Spells                   Type           Power      Damage    Failure   Level
 Gell's Gravitas          Tloc           0%         N/A       100%        3
 Lesser Beckoning         Tloc           0%         N/A       100%        3
 Teleport Other           Tloc           0%         N/A       100%        3


Dungeon Overview and Level Annotations

Branches:
Dungeon (9/15)             Temple (1/1) D:4             Orc (0/2) D:9
   Lair: D:8-11

Altars:
Ashenzari
Cheibriados
Dithmenos
Elyvilon
Fedhas
Gozag
Hepliaklqana
Kikubaaqudgha
Makhleb
Nemelex Xobeh
Okawaru
Qazlal
Ru
Sif Muna
Trog
Uskayaw
Vehumet
Wu Jian
Xom
Yredelemnul
Zin
The Shining One

Shops:
D:5 :


Innate Abilities, Weirdness & Mutations

You have a pair of horns on your head.
You reflexively headbutt those who attack you in melee.


Message History

The troll bites you but does no damage. The troll claws you but does no damage.
The troll claws you!
* * * LOW HITPOINT WARNING * * *
You slash the troll!
The troll is moderately wounded.
The troll bites you but does no damage. The troll closely misses you.
You block the troll's attack. The troll misses you.
You block the troll's attack. The troll closely misses you.
You barely miss the troll.
The troll is moderately wounded.
The troll closely misses you.
The troll claws you but does no damage. x2
You closely miss the troll. Your headbutt misses the troll.
The troll is moderately wounded.
The troll bites you!
* * * LOW HITPOINT WARNING * * *
The troll claws you but does no damage. You block the troll's attack.
You feel better. The troll barely misses you. You furiously retaliate!
You headbutt the troll, but do no damage.
The troll claws you but does no damage. x2
Throw: throwing net
Press: ? - help, Q - select action, (/) - cycle Shift-Dir - straight line, f - troll
Aim: a troll (lightly wounded, 65% to hit)
You throw a throwing net.
The throwing net barely misses the troll.
The throwing net hits the wraith.
The net passes right through the wraith!
The wraith is severely damaged.
The troll bites you.
* * * LOW HITPOINT WARNING * * *
You block the troll's attack. x2
You feel like a meek peon again. You block the troll's attack.
The troll claws you!
* * * LOW HITPOINT WARNING * * *
The troll claws you but does no damage.
You feel better.
The troll closely misses you. x2; The troll claws you.
* * * LOW HITPOINT WARNING * * *
You feel better. The troll bites you!
* * * LOW HITPOINT WARNING * * *
The troll claws you.
You die...

###.###### #.#.### ##.#
####....### #..# ##.......#.#
##.###### ##.#.......####
#.......# #.#.........#.#
#.......# #.#...........####
#.......# # #.#......'.....#
##.......#####........#####.#
#.........(WT@.##......# #..
#.#.......####..'......# ##.
+.#.......# ####......# ## #
#.......# #......# #.......#
#......# #.......# #...(..#
#.......# #......# ##...####
###.####### ###)......##


You could see a troll and a wraith.

Vanquished Creatures
  A gargoyle (D:8)
  Maggie (D:8)
  2 hornets
  Sigmund (D:3)
  A wraith (D:6)
  5 yaks
  3 orc warriors
  4 ice beasts
  A black bear (D:5)
  2 centaurs (D:6)
  A necrophage (D:5)
  3 ogres
  A kobold brigand (D:7)
  2 bullfrogs (D:8)
  A gnoll sergeant (D:7)
  4 scorpions
  A wyvern skeleton (D:6)
  A water moccasin skeleton (D:5)
  7 killer bees
  10 wights
  3 centaur zombies
  A bullfrog zombie (D:6)
  A jelly (D:8)
  2 centaur skeletons
  3 hounds
  7 orc priests
  2 bullfrog skeletons
  A gnoll shaman (D:6)
  Jessica (D:2)
  Ijyb (D:5)
  3 iguanas
  7 orc wizards
  A hound skeleton (D:5)
  A howler monkey zombie (D:5)
  Robin (D:2)
  10 gnolls
  A howler monkey skeleton (D:7)
  8 adders
  A shadow imp (D:8)
  2 ufetubi
  2 worms (D:2)
  2 dart slugs
  36 orcs
  4 ball pythons
  5 bats
  11 endoplasms
  5 giant cockroaches
  12 goblins
  9 hobgoblins
  2 jackals (D:2)
  4 quokkas
  3 frilled lizards
  11 kobolds
  2 rats (D:3)
217 creatures vanquished.

Notes
Turn   | Place    | Note
-------+----------+-------------------------------------------
     0 | D:1      | Peloso the Minotaur Fighter began the quest for the Orb.
     0 | D:1      | Reached XP level 1. HP: 19/19 MP: 0/0
   613 | D:1      | Reached XP level 2. HP: 27/27 MP: 1/1
   625 | D:1      | Found a faded altar of an unknown god.
  1406 | D:2      | Reached XP level 3. HP: 30/33 MP: 2/2
  1408 | D:2      | Reached skill level 3 in Long Blades
  1545 | D:2      | Reached XP level 4. HP: 12/41 MP: 3/3
  1788 | D:2      | Found a hide-covered altar of Uskayaw.
  1886 | D:2      | Noticed Robin
  1908 | D:2      | Killed Robin
  1909 | D:2      | Reached XP level 5. HP: 14/47 MP: 4/4
  1925 | D:2      | Noticed Jessica
  1936 | D:2      | Killed Jessica
  1937 | D:2      | Reached skill level 4 in Long Blades
  2410 | D:2      | You fall into a shaft and drop 1 floor!
  2570 | D:2      | Reached skill level 5 in Armour
  2752 | D:2      | Reached skill level 1 in Dodging
  2948 | D:3      | Noticed Sigmund
  2952 | D:3      | Killed Sigmund
  2953 | D:3      | Reached skill level 5 in Fighting
  2953 | D:3      | Reached skill level 5 in Long Blades
  2953 | D:3      | Reached XP level 6. HP: 36/56 MP: 5/5
  3598 | D:4      | Reached XP level 7. HP: 56/61 MP: 6/6
  3695 | D:4      | Found a staircase to the Ecumenical Temple.
  3708 | Temple   | Entered the Ecumenical Temple
  4025 | Temple   | Became a worshipper of Warmaster Okawaru
  4166 | D:4      | Reached skill level 6 in Long Blades
  4417 | D:5      | Entered Level 5 of the Dungeon
  4431 | D:5      | Reached skill level 1 in Stealth
  4645 | D:5      | Found a glowing golden altar of the Shining One.
  4708 | D:5      | Reached skill level 5 in Shields
  5143 | D:5      | Noticed Ijyb
  5154 | D:5      | Killed Ijyb
  5161 | D:5      | Reached * piety under Okawaru
  5162 | D:5      | Reached skill level 7 in Long Blades
  5162 | D:5      | Reached XP level 8. HP: 41/70 MP: 7/7
  5553 | D:5      | Found Qiuhusid's Book Boutique.
  5750 | D:6      | Reached skill level 8 in Long Blades
  5803 | D:6      | Reached ** piety under Okawaru
  6257 | D:6      | Reached skill level 9 in Long Blades
  6320 | D:6      | Reached XP level 9. HP: 34/71 MP: 8/8
  7753 | D:7      | Reached *** piety under Okawaru
  7774 | D:7      | Reached skill level 10 in Long Blades
  8422 | D:8      | Noticed Maggie
  8433 | D:8      | Killed Maggie
  8484 | D:7      | Reached skill level 11 in Long Blades
  8663 | D:7      | Reached XP level 10. HP: 74/88 MP: 9/9
  8664 | D:7      | Reached **** piety under Okawaru
 10039 | D:8      | Noticed a gargoyle
 10043 | D:8      | Found a hazy altar of Hepliaklqana.
 10047 | D:8      | Killed a gargoyle
 10048 | D:8      | Reached skill level 10 in Armour
 10048 | D:8      | Found a faded altar of an unknown god.
 11054 | D:9      | Found a staircase to the Orcish Mines.
 11273 | D:9      | Slain by a troll

Illustrated notes

Levels and vault maps discovered:
D:1:      shiori_arrival_elements, layout_basic,
          chequers_ecumenical_altar_simple_redux
D:2:      layout_basic, basic_altar, uniq_robin, uniq_jessica
D:3:      layout_loops_ring, minmay_stone_trees_small, uniq_sigmund
D:4:      layout_rooms, minmay_temple_entry_nine_rooms
D:5:      layout_basic, mainiacjoe_overflow_boulevard, serial_shops, shop,
          uniq_ijyb
D:6:      hellmonk_warped_wall, layout_cave_pools, grunt_tough_drop
D:7:      layout_loops_cross, grunt_decor_cap
D:8:      cheibrodos_iron_armory, layout_rooms,
          beargit_hepliaklqana_dungeon_heroes, kennysheep_nub, uniq_maggie
D:9:      layout_roguey, hiddenorc1_lemuel
Temple:   mainiacjoe_temple_cubbyholes

Skill      XL: |  1  2  3  4  5  6  7  8  9 10 |
---------------+-------------------------------+-----
Armour         | 4 5 6 8 9 10 | 10.3
Fighting       | 4 5 6 7 8 |  8.7
Long Blades    | 3 5 7 9 11 | 11.9
Shields        | 4 5 6 |  6.4
Dodging        | 1 2 3 |  3.8
Stealth        | 1 2 |  2.8
Invocations    | |  0.4
Evocations     | |  0.3

Action                   |  1- 3 |  4- 6 |  7- 9 | 10-12 || total
-------------------------+-------+-------+-------+-------++-------
Melee: Long sword        |    75 |   117 |   318 |   177 ||   687
       Headbutt          |    10 |    15 |    61 |    28 ||   114
Throw: Throwing net      |       |       |       |     1 ||     1
Invok: Heroism           |       |       |     1 |     2 ||     3
Evoke: Wand              |       |       |     2 |       ||     2
  Use: Scroll            |       |     1 |       |       ||     1
       Potion            |       |       |       |     5 ||     5
 Stab: Paralysed         |       |       |     4 |       ||     4
Armor: Scale mail        |    43 |    70 |    11 |       ||   124
       Chain mail        |       |       |   186 |   106 ||   292
Dodge: Dodged            |    30 |    77 |   122 |    87 ||   316
Block: Buckler           |    16 |    43 |    91 |    62 ||   212
